Map: Eternal Empire LE

Players

redleaf - Winner!

  • Race: Protoss Protoss
  • League: Platinum
  • Spawn Location: 1:00

A.I. 1 (Medium)

  • Race: Terran Terran
  • Spawn Location: 7:00

VOD

Have the link to the VOD?

Description

Time

  • Played on: May 5, 2020, 11:05 p.m.
  • Length: 12:47
Show
View Real Time Build Order
Export as new Build Order

redleaf Protoss - Winner!

Build Orders: Zealot Archon 

Get SALT Encoding   

  12  0:01  Probe  
  13  0:13  Probe  
  14  0:26  Pylon  
  14  0:28  Probe  
  15  0:44  Probe (Chrono Boost)  
  16  0:53  Probe (Chrono Boost)  
  17  1:01  Gateway  
  17  1:06  Probe (Chrono Boost)  
  17  1:08  Assimilator  
  18  1:18  Probe (Chrono Boost)  
  19  1:22  Probe (Chrono Boost)  
  20  1:30  Nexus  
  20  1:35  Probe  
  21  1:47  Probe  
  21  1:48  Pylon  
  22  1:59  Cybernetics Core  
  22  2:00  Probe  
  23  2:10  Gateway  
  23  2:12  Probe (Chrono Boost)  
  24  2:24  Probe (Chrono Boost)  
  24  2:26  Gateway  
  25  2:30  Probe (Chrono Boost)  
  25  2:32  Warp Gate (Chrono Boost)  
  26  2:38  Probe  
  26  2:43  Adept  
  29  2:45  Probe  
  29  2:49  Assimilator  
  29  2:50  Probe  
  31  2:57  Probe  
  32  3:01  Pylon  
  32  3:03  Adept  
  34  3:13  Robotics Facility  
  34  3:14  Probe (Chrono Boost)  
  34  3:17  Probe (Chrono Boost)  
  36  3:21  Pylon  
  36  3:26  Probe (Chrono Boost)  
  38  3:28  Adept  
  38  3:30  Adept  
  38  3:31  Probe (Chrono Boost)  
  38  3:32  Probe (Chrono Boost)  
  43  3:38  Probe (Chrono Boost)  
  43  3:39  Twilight Council  
  44  3:44  Probe (Chrono Boost)  
  44  3:48  Assimilator  
  45  3:51  Probe (Chrono Boost)  
  47  3:59  Probe x2 (Chrono Boost)  
  48  4:03  Observer  
  48  4:05  Probe  
  48  4:06  Probe  
  51  4:13  Pylon  
  51  4:17  Probe  
  51  4:18  Probe  
  51  4:20  Assimilator  
  53  4:25  Adept x2  
  53  4:26  Adept  
  53  4:29  Observer, Probe  
  53  4:31  Probe  
  62  4:36  Gateway  
  62  4:37  Pylon  
  62  4:38  Gateway  
  62  4:44  Templar Archives  
  62  4:47  Probe  
  62  4:48  Probe  
  64  4:53  Pylon  
  64  4:54  Sentry  
  64  4:57  Zealot  
  68  5:01  Probe  
  68  5:02  Probe  
  70  5:13  Probe  
  71  5:16  Probe  
  71  5:20  Nexus  
  72  5:22  Pylon  
  72  5:23  High Templar  
  72  5:24  High Templar  
  72  5:25  Probe  
  72  5:28  Probe  
  78  5:30  Forge  
  78  5:32  Pylon  
  78  5:37  High Templar  
  78  5:38  Zealot x2  
  78  5:39  Probe  
  85  5:43  Shield Battery  
  85  5:46  Archon  
  83  5:53  Probe  
  83  5:56  Pylon  
  80  5:59  High Templar  
  80  6:01  Zealot  
  80  6:02  High Templar  
  80  6:03  Zealot  
  88  6:06  Protoss Ground Weapons Level 1 (Chrono Boost), Archon  
  88  6:07  Probe (Chrono Boost)  
  88  6:10  Probe (Chrono Boost)  
  90  6:12  Gateway  
  90  6:13  Gateway  
  90  6:17  Gateway  
  90  6:19  Probe (Chrono Boost)  
  92  6:27  Probe (Chrono Boost)  
  92  6:29  Assimilator  
  92  6:35  Assimilator  
  92  6:37  High Templar  
  92  6:38  Photon Cannon  
  92  6:39  High Templar, Zealot  
  98  6:40  Probe (Chrono Boost), Photon Cannon  
  98  6:41  Probe (Chrono Boost)  
  98  6:43  Pylon  
  98  6:46  Pylon  
  101  6:51  Probe (Chrono Boost)  
  101  6:52  Probe (Chrono Boost)  
  102  6:57  Gateway x2  
  102  7:00  Gateway  
  102  7:15  Probe (Chrono Boost)  
  103  7:16  High Templar x2  
  103  7:17  Zealot  
  103  7:18  Zealot x5  
  103  7:22  Psionic Storm  
  119  7:24  Probe (Chrono Boost)  
  124  7:30  Immortal  
  124  7:38  Archon  
  124  7:39  Archon  
  124  7:40  Probe  
  124  7:41  Charge  
  124  7:50  Probe  
  125  7:51  Zealot  
  125  7:52  Zealot x3  
  125  7:55  Pylon  
  125  7:58  Photon Cannon  
  133  8:02  Protoss Ground Weapons Level 2 (Chrono Boost)  
  133  8:03  Photon Cannon  
  133  8:06  Photon Cannon  
  133  8:09  Observer  
  133  8:11  Pylon  
  133  8:14  High Templar  
  133  8:16  Zealot x4  
  143  8:20  High Templar  
  145  8:35  High Templar  
  145  8:36  Zealot x2  
  151  8:42  Pylon  
  151  8:49  High Templar x2  
  151  8:50  Zealot  
  157  8:56  Pylon  
  157  9:03  Nexus  
  157  9:09  Pylon, Shield Battery  
  157  9:12  Photon Cannon, Shield Battery  
  157  9:20  Stalker x5  
  157  9:21  Stalker x2  
  171  9:25  Probe  
  171  9:29  Zealot  
  174  9:40  High Templar x2  
  174  9:41  Zealot  
  178  9:50  High Templar  
  176  10:03  Pylon  
  176  10:05  Pylon  
  168  10:08  Pylon  
  168  10:10  Pylon  
  168  10:18  Warp Prism  
  170  10:26  Gateway x2  
  170  10:36  Gateway  
  170  10:38  Gateway  
  170  10:41  Gateway  
  170  10:43  Gateway  
  170  10:54  High Templar x4  
  170  10:55  High Templar x3  
  170  10:56  Zealot x2  
  170  10:57  Zealot x2  
  188  11:01  Unknown, Archon x2  
  188  11:02  Archon  
  190  11:10  Gateway  
  190  11:13  Gateway  
  190  11:18  Warp Prism  
  192  11:27  Stalker  
  194  11:40  High Templar x3  
  194  11:45  Archon  
  194  11:46  Archon  
  200  11:55  Archon  
  196  12:32  High Templar x3  
  196  12:33  High Templar  
Show
View Real Time Build Order
Export as new Build Order

A.I. 1 (Medium) Terran 

Build Orders:  

Get SALT Encoding   

  12  0:00  SCV  
  13  0:13  SCV  
  14  0:18  Supply Depot  
  14  0:25  SCV  
  15  0:40  SCV  
  16  0:43  Barracks  
  16  0:49  Refinery  
  16  0:52  SCV  
  17  1:04  SCV  
  18  1:16  Supply Depot  
  18  1:31  Marine  
  18  1:32  Barracks, Orbital Command  
  19  1:42  Refinery  
  19  1:50  Barracks Tech Lab  
  19  2:01  Factory  
  19  2:08  Marine  
  20  2:19  Marine  
  20  2:20  Supply Depot  
  21  2:27  Marine  
  22  2:36  Marine  
  23  2:44  Marine  
  23  2:45  SCV  
  25  2:54  Marine  
  25  2:57  SCV  
  27  2:59  Hellion, Supply Depot  
  29  3:09  SCV  
  29  3:10  Engineering Bay  
  30  3:20  Hellion  
  30  3:21  SCV  
  33  3:33  SCV  
  34  3:41  Hellion  
  34  3:45  SCV  
  37  5:04  Barracks Tech Lab  
  37  5:05  Marauder, SCV  
  40  5:07  Factory Tech Lab, Factory  
  40  5:10  Supply Depot  
  40  5:14  Missile Turret  
  40  5:16  Missile Turret  
  40  5:20  Sensor Tower  
  40  5:21  SCV  
  41  5:22  Armory  
  41  5:24  Barracks  
  41  5:25  Marine  
  42  5:30  Marauder  
  42  5:32  Starport  
  42  5:35  Supply Depot, Bunker  
  44  5:40  Ghost Academy  
  44  5:44  Marauder  
  44  5:50  Factory Tech Lab  
  44  5:51  Marauder  
  36  5:58  Command Center  
  35  6:05  Marine  
  35  6:09  Starport Tech Lab  
  36  6:11  Barracks Reactor  
  36  6:12  Marine  
  37  6:22  Marine  
  38  6:29  Raven  
  38  6:30  Marine  
  41  6:40  Marine  
  42  6:48  Marine  
  43  6:55  Marine  
  44  7:04  Ghost  
  46  7:11  SCV  
  46  7:12  Raven  
  46  7:14  SCV  
  50  7:19  Refinery  
  50  7:21  Missile Turret  
  50  7:23  SCV  
  50  7:24  Missile Turret  
  50  7:25  Refinery  
  50  7:26  SCV  
  52  7:35  SCV  
  53  7:38  SCV  
  54  7:44  Bunker  
  54  7:48  SCV  
  54  7:50  SCV  
  56  8:00  SCV  
  56  8:03  SCV  
  57  8:12  SCV  
  58  8:15  SCV  
  59  8:24  SCV  
  61  8:27  SCV  
  61  8:36  SCV  
  61  8:39  SCV  
  63  8:48  SCV  
  64  8:51  SCV  
  65  9:00  SCV  
  66  9:03  SCV  
  66  9:08  Medivac, Combat Shield, Marine, Stimpack  
  66  9:09  Terran Infantry Weapons Level 1  
  70  9:11  Starport  
  70  9:12  SCV  
  70  9:13  Supply Depot, Marine  
  70  9:14  Fusion Core  
  70  9:15  SCV  
  73  9:18  Engineering Bay  
  73  9:20  Armory  
  73  9:24  SCV  
  74  9:38  Medivac  
  76  9:40  Supply Depot  
  76  9:44  Terran Infantry Armor Level 1  
  75  9:47  Starport Reactor  
  75  9:59  Marauder  
  75  10:04  Marauder  
  69  10:07  Raven  
  69  10:09  Marine  
  69  10:14  Marine  
  65  10:20  Marine  
  62  10:25  Marine  
  62  10:27  Concussive Shells  
  63  10:29  Marine  
  63  10:34  Marine  
  64  10:39  Marine  
  65  10:44  Marine  
  65  10:45  Command Center  
  65  10:50  Raven, Marine  
  65  10:55  Marine  
  60  11:00  Marine  
  61  11:05  Marine  
  61  11:10  Marine  
  63  11:18  Marauder  
  64  11:20  Marine  
  67  11:25  Marauder  
  67  11:33  Raven  
  67  11:39  Marauder  
  73  11:47  Marauder  
  73  11:48  Viking  
  74  11:56  Hellion  
  74  12:00  Ghost  
  76  12:07  Marine, SCV  
  67  12:15  Viking  
  51  12:19  Marine, SCV  
  35  12:25  Marine  
  35  12:28  Sensor Tower  
  25  12:31  SCV  
Tags
 
Composition
Zealot Archon
League
Platinum
Matchup
PvT
Spawn Locations
Cross Positions
Add a new tag
Caveats
  • Supply blocks, unpowered buildings, or Contaminate may cause inaccurate times.
  • Supply counts are checked every 10 seconds.